 Dungeon Crawl Stone Soup version 0.26-a0-259-g1effd001a9 (webtiles) character file.

Game seed: 17753584481624286827

20484 Esekla the Thaumaturge (level 13, -7/91 (92) HPs)
             Began as a Formicid Ice Elementalist on July 11, 2020.
             Was an Initiate of Gozag.
             Mangled by a salamander
             ... wielding a +0 glaive
              (20 damage)
             ... on level 1 of the Lair of Beasts.
             The game lasted 02:29:39 (16920 turns).

Esekla the Thaumaturge (Formicid Ice Elementalist) Turns: 16920, Time: 02:29:40

HP:   -7/91 (92)    AC: 21    Str: 14    XL:     13   Next: 12%
MP:   24/27         EV: 13    Int: 29    God:    Gozag
Gold: 820           SH:  5    Dex: 11    Spells: 8/32 levels left

rFire    + . .     SeeInvis +   e - +1 spear (elec)
rCold    . . .     Faith    .   O - +0 buckler of Wu Jian's Pride {rPois MR- rCorr Int+4}
rNeg     . . .     Spirit   .   V - +2 robe {rF+}
rPois    +         Reflect  .   (helmet unavailable)
rElec    .         Harm     .   w - +0 cloak
rCorr    +                      E - +2 pair of gloves
MR       .....                  (no boots)
Stlth    +++.......             (no amulet)
HPRegen  0.25/turn              f - +6 ring of intelligence
MPRegen  0.20/turn              I - +4 ring of protection

@: icy armour, studying 2 skills
A: permanent stasis, dig shafts and tunnels, four strong arms, antennae 3
a: Dig, Shaft Self, Potion Petition, Call Merchant, Bribe Branch, Renounce
Religion


You were on level 1 of the Lair of Beasts.
You worshipped Gozag.
Gozag was pleased with you.
You were not hungry.

You visited 3 branches of the dungeon, and saw 17 of its levels.

You collected 3180 gold pieces.
You spent 2258 gold pieces at shops.
You paid 102 gold pieces to Gozag.

Inventory:

Hand Weapons
 a - a +3 scimitar of flaming
 e - a +1 spear of electrocution (weapon)
 n - a +2 rapier of distortion
 s - a +3 dagger
 t - a +0 vorpal trident
 v - a +2 dagger of venom
 Q - a +1 halberd of venom
 S - a +5 scimitar
Missiles
 H - 27 poisoned darts (quivered)
 K - 12 boomerangs
Armour
 w - a +0 cloak (worn)
 E - a +2 pair of gloves (worn)
 O - the +0 buckler of Wu Jian's Pride (worn) {rPois MR- rCorr Int+4}
   (You took it off a gnoll sergeant on level 5 of the Dungeon)

   It affects your intelligence (+4).
   It protects you from poison.
   It affects your resistance to hostile enchantments.
   It provides partial protection from all sources of acid and corrosion.
 P - the +7 ring mail "Pobuosodeu" {rF- Str+4 Slay+2}
   (You took it off a gnoll sergeant on level 5 of the Dungeon)

   It affects your strength (+4).
   It affects your accuracy and damage with ranged weapons and melee attacks
   (+2).
   It makes you vulnerable to fire.
 V - a +2 robe of fire resistance (worn)
Jewellery
 b - a +6 ring of dexterity
 f - a +6 ring of intelligence (left hand)
 y - an uncursed ring of fire
 G - the ring of Horiod {+Fly rC++}
   (You took it off a gnoll shaman on level 5 of the Dungeon)

   [ring of flight]

   It greatly protects you from cold.
   It lets you fly.
 I - a +4 ring of protection (right hand)
 U - an uncursed ring of protection from cold
Wands
 i - a wand of random effects (30)
 x - a wand of acid (18)
 z - a wand of paralysis (5)
 A - a wand of disintegration (36)
 D - a wand of iceblast (12)
 J - a wand of clouds (1)
 L - a wand of flame (54)
Scrolls
 d - 3 scrolls of amnesia
 j - 2 scrolls of holy word
 l - 4 scrolls of fear
 o - 2 scrolls of magic mapping
 p - a scroll of remove curse
 r - 2 scrolls of enchant weapon
 B - a scroll of fog
Potions
 g - 5 potions of flight
 h - 3 potions of resistance
 k - 2 potions of brilliance
 m - a potion of lignification
 u - a potion of mutation {unknown}
 C - 5 potions of heal wounds
 F - a potion of might {unknown}
 N - 5 potions of curing
 T - a potion of stabbing
Books
 M - a manual of Polearms
 R - a manual of Throwing
Comestibles
 c - 54 rations


   Skills:
 + Level 5.4 Fighting
 + Level 4.4(5.0) Short Blades
 * Level 3.3(4.4) Long Blades
 * Level 7.2 Polearms
 + Level 3.1 Throwing
 - Level 5.1 Armour
 + Level 3.5 Dodging
 + Level 6.7 Stealth
 + Level 5.8 Shields
 * Level 10.1 Spellcasting
 * Level 4.7 Conjurations
 + Level 3.1 Charms
 + Level 2.4 Translocations
 + Level 3.6 Transmutations
 + Level 4.0 Fire Magic
 + Level 6.9 Ice Magic
 * Level 4.6 Air Magic
 + Level 5.8 Poison Magic


You had 8 spell levels left.
You knew the following spells:

 Your Spells              Type           Power        Failure   Level
a - Apportation           Tloc           ####..       1%          1
c - Mephitic Cloud        Conj/Pois/Air  #####...     1%          3
e - Freezing Cloud        Conj/Ice/Air   #####.....   52%         6
f - Conjure Flame         Conj/Fire      #####...     1%          3
n - Ignite Poison         Fire/Tmut/Pois #####...     1%          3
r - Frozen Ramparts       Ice            ######       1%          3
v - Poisonous Vapours     Pois/Air       #####.       1%          2
z - Ozocubu's Armour      Chrm/Ice       #####...     1%          3

Your spell library contained the following spells:

 Spells                   Type           Power        Failure   Level
 Freeze                   Ice            ####         1%          1
 Sting                    Tmut/Pois      ####         1%          1
 Animate Skeleton         Necr           ##....       3%          1
 Corona                   Hex            ##.....      3%          1
 Summon Small Mammal      Summ           ##..         3%          1
 Hailstorm                Conj/Ice       #####...     3%          4
 Olgreb's Toxic Radiance  Pois           #####...     3%          4
 Summon Ice Beast         Ice/Summ       ####....     9%          4
 Ring of Flames           Chrm/Fire      #####.....   100%        7


Dungeon Overview and Level Annotations

Branches:
Dungeon (15/15)            Temple (1/1) D:4            Lair (1/6) D:10
    Orc (0/2) D:10
 Vaults: D:13-14     Depths: D:15

Altars:
Ashenzari
Cheibriados
Dithmenos
Elyvilon
Fedhas
Gozag
Hepliaklqana
Kikubaaqudgha
Makhleb
Nemelex Xobeh
Okawaru
Qazlal
Ru
Sif Muna
Trog
Uskayaw
Vehumet
Wu Jian
Xom
Yredelemnul
Zin
The Shining One

Shops:
D:4 :   D:5 ?


Innate Abilities, Weirdness & Mutations

You cannot be hasted, slowed, berserked, paralysed or teleported.
You can dig through walls and to a lower floor.
Your four strong arms can wield two-handed weapons with a shield.
You have a pair of large antennae on your head. (SInv)


Message History

The salamander hits you from afar with a +0 glaive!!
* * * LOW HITPOINT WARNING * * *
You are engulfed in flames.
You resist.
* * * LOW HITPOINT WARNING * * *
The fire bat moves out of view.
A blink frog comes into view.
The blink frog moves out of view.
The blink frog croaks.
You hear a loud, deep croak!
The blink frog blinks!
The blink frog blinks!
You block the fire elemental's attack.
Casting: Poisonous Vapours (safe; 1% risk of failure)
Confirm with . or Enter, or press ? or * to list all spells.
A film of ice covers your body! The fire elemental hits you.
* * * LOW HITPOINT WARNING * * *
The fire elemental burns you! You resist.
* * * LOW HITPOINT WARNING * * *
The blink frog closely misses you. The fire elemental barely misses you.
The salamander hits you from afar with a +0 glaive!!
You die...
Your body crumbles into a pile of gold.

##.#.#######.### #
#.#.# ### # #.#)# #
####...# ######.##...#
.§........###
≈§≈≈§≈≈...#
§≈≈≈§≈≈.#.# ###
≈≈≈≈≈≈≈.#.######@##P.#
§≈§≈≈≈≈.#....°NEF....#
§≈≈≈≈§≈..............#
§§≈≈≈≈≈.....##.#.#.###
≈≈≈≈≈≈§.#.#.#........
≈≈≈≈≈○#°............#
≈≈≈§§§..............#
≈≈§§E...###.F.......#
≈≈ §...# #.........


You could see a salamander, 2 blink frogs and a fire elemental.

Vanquished Creatures
  A hydra (Lair:1)
  Erolcha (D:11)
  Harold (D:7)
  A centaur warrior (D:15)
  2 two-headed ogres
  2 unseen horrors (D:12)
  Pikel (D:4)
  A manticore (D:13)
  An ugly thing (D:11)
  A salamander (Lair:1)
  An elephant (D:10)
  A centaur zombie (D:12)
  A centaur skeleton (D:11)
  3 cane toads
  A rime drake (Lair:1)
  An efreet (D:15)
  A komodo dragon (Lair:1)
  A troll (D:10)
  The ghost of Esekla the Skirmisher, an amateur FoAK of Lugonu (D:5)
  A hornet (D:9)
  A blink frog (Lair:1)
  4 hippogriffs
  3 yaks (Lair:1)
  A shadow (D:12)
  3 wraiths
  A wyvern (D:11)
  7 vampire mosquitoes
  A basilisk (D:10)
  3 steam dragons
  3 porcupines (Lair:1)
  An eye of draining (D:9)
  6 orc warriors
  6 sky beasts
  3 ice beasts
  2 boggarts (D:14)
  3 phantoms
  3 necrophages
  4 ogres
  4 crocodiles
  3 centaurs
  A lemure (D:4)
  3 big kobolds
  14 bullfrogs
  A wyvern zombie (D:12)
  2 gnoll sergeants (D:5)
  2 scorpions
  A wyvern skeleton (D:12)
  4 killer bees
  8 wights
  7 howler monkeys
  A bullfrog skeleton (D:12)
  A quasit (D:8)
  A bullfrog zombie (D:12)
  5 hounds
  5 jellies
  11 orc priests
  7 orc wizards
  Crazy Yiuf (D:7)
  2 gnoll shamans
  6 iguanas
  8 worker ants
  3 hound skeletons
  A worker ant zombie (D:7)
  9 gnolls
  8 adders
  A howler monkey skeleton (D:5)
  4 shadow imps
  5 white imps
  2 ufetubi
  An ooze (D:6)
  2 adder skeletons
  3 dart slugs
  6 leopard geckos
  42 orcs
  3 giant cockroaches
  9 hobgoblins
  6 jackals
  22 kobolds
  6 quokkas
  9 bats
  8 frilled lizards
  12 goblins
  A leopard gecko zombie (D:6)
  2 quokka zombies (D:6)
  8 rats
  A fungus (D:7)
351 creatures vanquished.

Vanquished Creatures (others)
  6 plants (D:5)
6 creatures vanquished.

Grand Total: 357 creatures vanquished

Notes
Turn   | Place    | Note
-------+----------+-------------------------------------------
     0 | D:1      | Esekla the Formicid Ice Elementalist began the quest for
                  | the Orb.
     0 | D:1      | Reached XP level 1. HP: 13/13 MP: 3/3
    93 | D:1      | Reached XP level 2. HP: 9/20 MP: 1/5
   360 | D:1      | Reached skill level 1 in Fighting
   545 | D:1      | Reached XP level 3. HP: 22/26 MP: 7/7
   550 | D:1      | Learned a level 3 spell: Frozen Ramparts
   554 | D:1      | Learned a level 3 spell: Ozocubu's Armour
   698 | D:2      | Reached skill level 3 in Spellcasting
   878 | D:2      | Reached XP level 4. HP: 33/33 MP: 8/8
   890 | D:2      | Reached skill level 1 in Short Blades
  1016 | D:2      | Found a shattered altar of Ashenzari.
  1018 | D:2      | Found a glowing silver altar of Zin.
  1018 | D:2      | Found a shadowy altar of Dithmenos.
  1188 | D:2      | Found a blossoming altar of Fedhas.
  1441 | D:3      | Reached XP level 5. HP: 24/38 MP: 3/9
  1709 | D:3      | Reached skill level 1 in Charms
  1913 | D:3      | Reached XP level 6. HP: 25/44 MP: 1/11
  2122 | D:3      | Found a hide-covered altar of Uskayaw.
  2245 | D:4      | Reached skill level 1 in Shields
  2310 | D:5      | Entered Level 5 of the Dungeon
  2316 | D:5      | Reached skill level 1 in Armour
  2316 | D:5      | Reached skill level 4 in Spellcasting
  2748 | D:5      | Noticed a phantom
  2767 | D:5      | Noticed a phantom
  2784 | D:4      | Found Apnoh's Book Shoppe.
  3341 | D:4      | Noticed Pikel
  3361 | D:4      | Killed Pikel
  3361 | D:4      | Reached XP level 7. HP: 21/52 MP: 7/14
  3361 | D:4      | Reached XP level 8. HP: 24/58 MP: 7/15
  3409 | D:4      | Found a staircase to the Ecumenical Temple.
  3434 | Temple   | Entered the Ecumenical Temple
  3469 | Temple   | Became a worshipper of Gozag Ym Sagoz the Greedy
  3938 | D:7      | Reached skill level 5 in Spellcasting
  5019 | D:6      | Reached skill level 5 in Ice Magic
  5192 | D:7      | Reached XP level 9. HP: 36/65 MP: 9/17
  5373 | D:4      | Bought a Young Poisoner's Handbook for 400 gold pieces
  5376 | D:4      | Learned a level 2 spell: Poisonous Vapours
  5380 | D:4      | Learned a level 3 spell: Mephitic Cloud
  5384 | D:4      | Learned a level 3 spell: Ignite Poison
  5613 | D:5      | You fall into a shaft and drop 3 floors!
  5911 | D:7      | Reached skill level 1 in Poison Magic
  5964 | D:7      | Found a runed translucent door.
  5965 | D:7      | Noticed Crazy Yiuf
  6219 | D:7      | Noticed Harold
  6244 | D:7      | Killed Harold
  6244 | D:7      | Reached skill level 6 in Spellcasting
  6244 | D:7      | Reached skill level 1 in Conjurations
  6244 | D:7      | Reached skill level 1 in Air Magic
  6247 | D:7      | You fall into a shaft and drop 2 floors!
  6724 | D:7      | Reached XP level 10. HP: 71/71 MP: 10/19
  6948 | D:7      | Killed Crazy Yiuf
  7231 | D:8      | Reached skill level 5 in Stealth
  7260 | D:8      | Reached skill level 5 in Shields
  7332 | D:8      | Found a sparkling altar of Nemelex Xobeh.
  7566 | D:8      | Reached skill level 1 in Throwing
  7728 | D:8      | Reached skill level 5 in Armour
  8024 | D:8      | Reached skill level 7 in Spellcasting
  8332 | D:6      | Reached skill level 1 in Transmutations
  8576 | D:10     | Entered Level 10 of the Dungeon
  8576 | D:10     | Found a staircase to the Orcish Mines.
  9008 | D:9      | Reached skill level 1 in Fire Magic
 10025 | D:9      | Reached skill level 8 in Spellcasting
 10239 | D:5      | Reached XP level 11. HP: 76/76 MP: 23/23
 10252 | D:5      | Found a transporter.
 10419 | D:5      | Identified the +7 ring mail "Pobuosodeu" {rF- Str+4 Slay+2}
 10419 | D:5      | Identified the +0 buckler of Wu Jian's Pride {rPois MR-
                  | rCorr Int+4}
 10426 | D:5      | Noticed Esekla's ghost (amateur FoAK)
 10535 | D:4      | Bought a manual of Polearms for 1104 gold pieces
 10784 | D:5      | Found a transporter.
 10862 | D:5      | Found Tuvodd's Magic Scroll Boutique.
 10867 | D:5      | Bought a scroll of holy word for 82 gold pieces
 10867 | D:5      | Bought a scroll of identify for 22 gold pieces
 10966 | D:5      | Reached skill level 1 in Polearms
 10968 | D:5      | Identified the ring of Horiod {+Fly rC++}
 10980 | D:5      | Killed Esekla's ghost
 11653 | D:10     | You fall into a shaft and drop 2 floors!
 11653 | D:12     | Found a burning altar of Makhleb.
 11688 | D:12     | Noticed an unseen horror
 11697 | D:12     | Killed an unseen horror
 11761 | D:13     | Noticed a manticore
 11764 | D:13     | Killed a manticore
 11892 | D:12     | Noticed a two-headed ogre
 11904 | D:12     | Noticed an unseen horror
 12400 | D:10     | Found a staircase to the Lair.
 12401 | D:10     | Noticed an elephant
 12404 | D:10     | Found a shattered altar of Ashenzari.
 12411 | D:10     | Reached skill level 5 in Poison Magic
 12422 | D:10     | Killed an elephant
 12688 | D:10     | Noticed a two-headed ogre
 12689 | D:10     | Reached skill level 9 in Spellcasting
 12706 | D:10     | Killed a two-headed ogre
 13067 | Lair:1   | Entered Level 1 of the Lair of Beasts
 13155 | Lair:1   | Reached XP level 12. HP: 79/83 MP: 25/25
 13258 | Lair:1   | Noticed a seven-headed hydra
 13426 | D:4      | Bought a book of Cantrips for 200 gold pieces
 13428 | D:4      | Learned a level 1 spell: Apportation
 14035 | D:11     | Reached skill level 5 in Polearms
 14064 | D:11     | Reached skill level 1 in Translocations
 14371 | D:11     | Noticed Erolcha
 14384 | D:11     | Killed Erolcha
 15333 | D:12     | Reached skill level 5 in Fighting
 15350 | D:12     | Noticed a skeletal warrior
 15361 | D:12     | Killed an unseen horror
 15369 | D:12     | Noticed a skeletal warrior
 15371 | D:12     | Noticed a skeletal warrior
 15506 | D:12     | Noticed a skeletal warrior
 15536 | D:12     | Killed a two-headed ogre
 15640 | D:12     | You fall into a shaft and drop 3 floors!
 15640 | D:15     | Entered Level 15 of the Dungeon
 15744 | D:15     | Reached skill level 1 in Long Blades
 15824 | D:15     | Found a sacrificial altar of Ru.
 15855 | D:15     | Reached skill level 10 in Spellcasting
 15859 | D:15     | Noticed a centaur warrior
 15876 | D:15     | Killed a centaur warrior
 15969 | D:14     | Noticed a fire dragon
 16206 | D:4      | Bought a book of Clouds for 450 gold pieces
 16210 | D:4      | Learned a level 3 spell: Conjure Flame
 16217 | D:4      | Learned a level 6 spell: Freezing Cloud
 16361 | Lair:1   | Killed a seven-headed hydra
 16431 | Lair:1   | Reached XP level 13. HP: 64/90 MP: 21/27
 16920 | Lair:1   | Mangled by a salamander

Illustrated notes

Levels and vault maps discovered:
D:1:      doesnt_arrival_eight_statues, layout_loops_cross
D:2:      layout_rooms, grunt_temple_overflow_open, fedhas_altar_3
D:3:      layout_rooms, eat_drink_and_be_merry_uskayaw
D:4:      layout_basic, minmay_temple_entry_wispy, first_ration, serial_shops,
          nicolae_shop_trees, uniq_pikel
D:5:      layout_loops_ring, gammafunk_ghost_gnarly_gnolls, serial_shops,
          kennysheep_little_box
D:6:      layout_basic
D:7:      layout_rooms, uniq_harold, uniq_crazy_yiuf_cottage
D:8:      layout_gridville, kennysheep_mini, serial_rivers,
          chequers_serial_rivers_small_3, chequers_serial_rivers_room_a,
          chequers_serial_rivers_micro_c, chequers_serial_rivers_marsh,
          chequers_serial_rivers_micro_a, chequers_serial_rivers_micro_d
D:9:      minmay_polygon_palace, layout_small_grid
D:10:     layout_long_grid, david_lair_generic, orc_0_dummy, basic_altar
D:11:     layout_roguey, uniq_erolcha
D:12:     layout_basic, serial_shops, shop_statue, basic_altar,
          hangedman_pestilent_swarm, minmay_holes
D:13:     layout_roguey [special_room_orc], basic_altar, guppyfry_shop_earth
D:14:     layout_basic, david_vaults_4, nicolae_trove_entry_path_of_doom,
          uniq_rupert
D:15:     grunt_enter_depths_magical_seal, layout_loops_ring,
          nicolae_ru_path_of_blood, minivault_23
Temple:   lightli_temple_of_artemis
Lair:1:   layout_gridlike, beast_lair_carwin_2, grunt_megastairs_3,
          infiniplex_staircase_pool

Skill      XL: |  1  2  3  4  5  6  7  8  9 10 11 12 13 |
---------------+----------------------------------------+-----
Fighting       | 1 2 3 4 5 |  5.4
Spellcasting   | 3 4 5 6 8 9 10 | 10.1
Short Blades   | 1 2 3 4 |  4.4
Dodging        | 2 3 |  3.5
Charms         | 1 2 3 |  3.1
Stealth        | 3 4 5 6 |  6.7
Shields        | 2 3 4 5 |  5.8
Armour         | 2 3 4 5 |  5.1
Ice Magic      | 5 6 |  6.9
Poison Magic   | 3 4 5 |  5.8
Conjurations   | 1 2 3 4 |  4.7
Air Magic      | 1 2 3 4 |  4.6
Throwing       | 1 2 3 |  3.1
Transmutations | 2 3 |  3.6
Fire Magic     | 1 3 4 |  4.0
Polearms       | 4 6 7 |  7.2
Translocations | 2 |  2.4
Long Blades    | 2 3 |  3.3

Action                   |  1- 3 |  4- 6 |  7- 9 | 10-12 | 13-15 || total
-------------------------+-------+-------+-------+-------+-------++-------
Melee: Short sword       |    51 |    46 |       |       |       ||    97
       Dagger            |       |    95 |   162 |   202 |       ||   459
       Trident           |       |       |     4 |   213 |       ||   217
       Spear             |       |       |       |    97 |    20 ||   117
       Scimitar          |       |       |       |    31 |       ||    31
       Halberd           |       |       |       |     8 |       ||     8
Throw: Boomerang         |       |       |     2 |    31 |       ||    33
       Dart              |       |       |     7 |    47 |       ||    54
 Cast: Freeze            |     9 |       |       |       |       ||     9
       Frozen Ramparts   |     4 |    26 |    27 |    72 |     2 ||   131
       Poisonous Vapours |       |       |     2 |    23 |     2 ||    27
       Mephitic Cloud    |       |       |     2 |    10 |       ||    12
       Ozocubu's Armour  |       |       |     1 |    23 |     2 ||    26
       Ignite Poison     |       |       |       |     6 |       ||     6
       Apportation       |       |       |       |     9 |       ||     9
 Abil: Shaft Self        |       |       |     1 |       |       ||     1
  Use: Scroll            |       |       |    13 |     7 |       ||    20
       Potion            |       |       |     1 |     4 |       ||     5
 Stab: Sleeping          |     6 |     9 |     4 |    21 |       ||    40
       Distracted        |       |     1 |     1 |     3 |       ||     5
       Confused          |       |       |       |     6 |       ||     6
  Eat: Ration            |       |     2 |     3 |     9 |       ||    14
Armor: Robe              |    13 |     3 |       |    85 |     3 ||   104
       Leather armour    |       |    34 |    24 |   123 |       ||   181
       Skin              |       |       |       |    79 |       ||    79
Dodge: Dodged            |    32 |    85 |    55 |   242 |     7 ||   421
Block: Buckler           |       |       |    19 |   148 |     5 ||   172
       Rpst.: Scimitar   |       |       |       |     7 |       ||     7

Table legend:
 A = Non-vault XP
 B = Vault XP
 C = Vault XP percentage of total XP
 D = Non-vault monster count
 E = Vault monster count
 F = Vault count percentage of total count
                 A         B        C        D         E       F
            +---------+---------+-------+---------+---------+-------
      Total |   23026 |    6238 |  21.3 |     316 |      33 |   9.5
            +---------+---------+-------+---------+---------+-------
        D:1 |      37 |       0 |   0.0 |      23 |       0 |   0.0
        D:2 |      89 |       0 |   0.0 |      31 |       0 |   0.0
        D:3 |     182 |       0 |   0.0 |      30 |       0 |   0.0
        D:4 |     291 |     641 |  68.8 |      11 |       1 |   8.3
        D:5 |     558 |     570 |  50.5 |      19 |       9 |  32.1
        D:6 |     558 |       0 |   0.0 |      13 |       0 |   0.0
        D:7 |    1161 |    1031 |  47.0 |      29 |       2 |   6.5
        D:8 |    1387 |       0 |   0.0 |      27 |       0 |   0.0
        D:9 |    1498 |     825 |  35.5 |      17 |      11 |  39.3
       D:10 |    3211 |    1026 |  24.2 |      38 |       4 |   9.5
       D:11 |    2541 |    1014 |  28.5 |      22 |       1 |   4.3
       D:12 |    4400 |       0 |   0.0 |      28 |       0 |   0.0
       D:13 |     556 |       0 |   0.0 |       1 |       0 |   0.0
       D:14 |     237 |       0 |   0.0 |       2 |       0 |   0.0
       D:15 |    2215 |       0 |   0.0 |      10 |       0 |   0.0
     Lair:1 |    4105 |    1131 |  21.6 |      15 |       5 |  25.0
            +---------+---------+-------+---------+---------+-------
